 Dungeon Crawl Stone Soup version 0.30.1-9-gdf580d7c3d (webtiles) character file.

Game seed: 17956088480062573935

4 Feggol the Firebug (level 1, -2/10 HPs)
             Began as a Deep Elf Fire Elementalist on Oct 8, 2023.
             Slain by a quokka (5 damage)
             ... on level 1 of the Dungeon.
             The game lasted 00:02:50 (178 turns).

Feggol the Firebug (Deep Elf Fire Elementalist)      Turns: 178, Time: 00:02:50

Health: -2/10      AC:  2    Str:  5    XL:     1   Next: 50%
Magic:  3/6        EV: 12    Int: 19    God:
Gold:   8          SH:  0    Dex: 15    Spells: 5/6 levels left

rFire   . . .        (no weapon)
rCold   . . .        (no shield)
rNeg    . . .        a - +0 robe
rPois   .            (no helmet)
rElec   .            (no cloak)
rCorr   .            (no gloves)
SInv    .            (no boots)
Will    .....        (no amulet)
Stlth   ++           (no ring)
HPRegen 0.21/turn    (no ring)
MPRegen 0.10/turn

%: no passive effects
@: no status effects
A: no striking features
a: no special abilities


You were on level 1 of the Dungeon.
You visited 1 branch of the dungeon, and saw 1 of its levels.

You collected 8 gold pieces.

Inventory:

Armour
 a - a +0 robe (worn)
Scrolls
 d - a scroll of identify {unknown}
 e - a scroll of enchant armour {unknown}
Potions
 b - a potion of magic
 c - 2 potions of heal wounds {unknown}


   Skills:
 + Level 2.5 Dodging
 + Level 2.5 Stealth
 + Level 3.1 Spellcasting
 + Level 1.2 Conjurations
 + Level 3.3 Fire Magic


You had 5 spell levels left.
You knew the following spells:

 Your Spells              Type           Power      Damage    Failure   Level
a - Foxfire               Conj/Fire      44%        2x1d6     6%          1

Your spell library contained the following spells:

 Spells                   Type           Power      Damage    Failure   Level
 Scorch                   Fire           30%        2d6       6%          2
 Inner Flame              Hex/Fire       9%         N/A       22%         3
 Volatile Blastmotes      Fire/Tloc      18%        2d11      22%         3
 Flame Wave               Conj/Fire      11%        2d6       52%         4


Dungeon Overview and Level Annotations

Branches:
Dungeon (1/15)

Altars:


Message History

Casting: Foxfire (safe; 6% risk of failure)
Press: ? - help, Q - select action Dir - look around, f - activate You conjure some foxfire!
The quokka completely misses the bush.
The quokka bites the plant.
The plant begins to die.
Your foxfire dissipates!
The quokka bites the plant.
The quokka bites the plant.
The quokka bites the plant.
A nearby plant withers and dies.
A hobgoblin comes into view.
Found a scroll labelled QAOBBO FUISISCH.
Found 3 large rocks.
Casting: Foxfire (safe; 6% risk of failure)
Press: ? - help, Q - select action Dir - look around, f - activate Look: a quokka You conjure some foxfire!
The quokka bites you.
Your foxfire dissipates!
The quokka attacks as you move away! The quokka bites you.
The quokka attacks as you move away! The quokka closely misses you.
The quokka barely misses you. The quokka misses you.
Casting: Foxfire (safe; 6% risk of failure)
Press: ? - help, Q - select action Dir - look around, f - activate You conjure some foxfire!
The quokka bites you.
The foxfire hits the quokka.
The quokka is lightly wounded.
The foxfire hits the quokka but does no damage.
The quokka is lightly wounded.
The quokka bites you.
* * * LOW HITPOINT WARNING * * *
A quokka comes into view.
Casting: Foxfire (safe; 6% risk of failure)
Press: ? - help, Q - select action Dir - look around, f - activate You conjure some foxfire!
The quokka closely misses you. The quokka barely misses you.
The quokka attacks as you move away! The quokka bites you.
Ouch! That really hurt!
You die...

~~≈≈#... #. .~~≈##.. #.
.~~~≈### # #. #.~~≈≈≈
.# # #. ..g≈≈≈≈ ≈
..#.#.#######.~~≈≈≈≈≈≈
♣.♣....(.......~~≈≈≈≈≈≈
#....##..####..~~≈≈≈≈≈≈
. ♣.@r..###...~≈≈≈≈≈≈
#....vv#..##....~~~≈≈≈≈
♣.♣.♣.?...........~≈≈≈≈
# #.######...#..~~≈~~
#. ##.###..~~~~ #.
#.##....~.. #.
#.##..#...# #r
#....P##### ####.r..#


You could see 2 quokkas.

Vanquished Creatures
  A goblin (D:1)
  A kobold (D:1)
  A ball python (D:1)
  A rat (D:1)
4 creatures vanquished.

Vanquished Creatures (collateral kills)
  3 foxfires (D:1)
3 creatures vanquished.

Vanquished Creatures (others)
  12 foxfires (D:1)
12 creatures vanquished.

Grand Total: 19 creatures vanquished

Notes
Turn   | Place    | Note
-------+----------+-------------------------------------------
     0 | D:1      | Feggol the Deep Elf Fire Elementalist began the quest for
                  | the Orb.
     0 | D:1      | Reached XP level 1. HP: 10/10 MP: 6/6
   178 | D:1      | Slain by a quokka

Illustrated notes

Levels and vault maps discovered:
D:1:      minmay_arrival_shoal_huts, layout_loops_ring, serial_forest,
          infiniplex_forest_clump_diagonal, infiniplex_forest_zigzag_1,
          infiniplex_forest_zigzag_2, infiniplex_forest_lined_3_way,
          infiniplex_forest_clump_curved

Action                     || total
---------------------------++-------
   Cast: Foxfire           ||    12
 Armour: Robe              ||     3
  Dodge: Dodged            ||     9
